 Dungeon Crawl Stone Soup version 0.30-a0-364-gf6b3ef1049 (webtiles) character file.

Game seed: 8557235634773065855

83 ytrimaz the Chopper (level 4, 0/35 HPs)
             Began as a Formicid Fighter on Nov 15, 2022.
             Succumbed to an adder's poison
             ... on level 3 of the Dungeon.
             The game lasted 00:01:36 (1477 turns).

ytrimaz the Chopper (Formicid Fighter)              Turns: 1477, Time: 00:01:37

Health: 0/35       AC:  6    Str: 22    XL:     4   Next: 71%
Magic:  4/4        EV:  9    Int:  8    God:
Gold:   113        SH:  5    Dex: 13    Spells: 3/3 levels left

rFire   . . .      SeeInvis +    a - +0 war axe (vorpal)
rCold   . . .      Faith    .    c - +0 buckler
rNeg    . . .      Spirit   .    b - +0 scale mail
rPois   .          Reflect  .    (helmet unavailable)
rElec   .          Harm     .    (no cloak)
rCorr   .          Rampage  .    (no gloves)
Will    .....                    (no boots)
Stlth   ..........               (no amulet)
HPRegen 0.25/turn                (no ring)
MPRegen 0.09/turn                (no ring)

@: mighty, lethally poisoned (0 -> -5)
A: permanent stasis, dig shafts and tunnels, antennae 3, four strong arms
a: Dig, Shaft Self


You were on level 3 of the Dungeon.
You visited 1 branch of the dungeon, and saw 3 of its levels.

You collected 113 gold pieces.


Innate Abilities, Weirdness & Mutations

You cannot be hasted, slowed, berserked, paralysed or teleported.
You can dig through walls and to a lower floor.
You have a pair of large antennae on your head. (SInv)
Your four strong arms can wield two-handed weapons with a shield.


   Skills:
 - Level 3.2 Fighting
 + Level 4.5 Axes
 - Level 3.2 Armour
 - Level 4.0 Shields


You had 3 spell levels left.
You didn't know any spells.
Your spell library contained the following spells:

 Spells                   Type           Power      Damage    Failure   Level
 Necrotise                Necr           0%         1d4       80%         1
 Scorch                   Fire           0%         2d5       91%         2
 Vampiric Draining        Necr           0%         2d6       99%         3
 Flame Wave               Conj/Fire      0%         2d4       100%        4
 Agony                    Necr           0%         N/A       100%        5
 Summon Cactus Giant      Summ           0%         N/A       100%        6

Inventory:

Hand Weapons
 a - a +0 vorpal war axe (weapon)
Missiles
 f - 4 poisoned darts
Armour
 b - a +0 scale mail (worn)
 c - a +0 buckler (worn)
Scrolls
 k - a scroll of magic mapping
 m - 2 scrolls of butterflies
Potions
 e - a potion of curing
 g - a potion of heal wounds
 j - a potion of attraction
 l - a potion of flight {unknown}

Dungeon Overview and Level Annotations

Branches:
Dungeon (3/15) Zot: 16488

Altars:

#..>.. #.....
#...[. #.....
#..... ##
##.....## .#
#.......### .#
#.$....@..# .#
#......†S)###.#
##......).)...#
##....##)##..#
#....
#.##........
......
......####.#
###..#.##.##.##
#.... ..##.# #.
.....#


You could see an adder.


Message History

The goblin hits you but does no damage.
The goblin hits you with a +0 club. 😮 HP[-3]
You take 3 damage, and now have 21/35 hp.
You slash the goblin!
You kill the goblin!
You slash the kobold!
You kill the kobold!
You barely miss the goblin. You slash the goblin!
You kill the goblin!
You slash the orc!
You kill the orc!
The goblin hits you with a +0 dagger.
The goblin unwields a +0 dagger.
The goblin wields a +0 sling.
The goblin shoots a sling bullet.
You block the sling bullet.
You are too injured to fight recklessly! 😮 HP[-1]
You take 1 damage, and now have 20/35 hp.
You closely miss the hobgoblin. You hit the goblin.
You completely miss the goblin. You closely miss the hobgoblin.
The goblin hits you with a +0 dagger. The goblin barely misses you.
The hobgoblin hits you but does no damage. x2
Robin hits you but does no damage. 😮 HP[-2]
You take 2 damage, and now have 18/35 hp.
Unknown command.
You slice the hobgoblin!!
You kill the hobgoblin!
You closely miss the hobgoblin. You slash the goblin!
You kill the goblin!
You closely miss the goblin. The goblin barely misses you.
Robin roars a battlecry!
The hobgoblin goes into a battle-frenzy!
The hobgoblin barely misses you. The hobgoblin closely misses you.
Robin completely misses you. The goblin barely misses you.
The hobgoblin misses you.
You slash the goblin!
You kill the goblin!
You barely miss the hobgoblin. You slash the hobgoblin!
You kill the hobgoblin!
You hit the goblin.
You kill the goblin!
The hobgoblin hits you.
* * * LOW HITPOINT WARNING * * *
Robin hits you but does no damage. The adder bites you but does no damage.
Unknown command. 😨 HP[-1]
You take 1 damage, and now have 17/35 hp.
You are too injured to fight recklessly!
The hobgoblin hits you.
* * * LOW HITPOINT WARNING * * *
Robin says, "Duck!"
Robin hits you with a +0 trident.
* * * LOW HITPOINT WARNING * * *
Items here: )))) ††††. 😨 HP[-7]
You take 7 damage, and now have 10/35 hp.
You are too injured to fight recklessly!
Unknown command.
You slice Robin!!
You kill Robin!
You closely miss the adder. You closely miss the hobgoblin.
The adder bites you.
* * * LOW HITPOINT WARNING * * *
You block the hobgoblin's attack.
The adder bites you but does no damage. 😱 HP[-3]
You take 3 damage, and now have 7/35 hp.
The adder attacks as you move away! The adder closely misses you.
Found a stone staircase leading down.
Items here: ) [[ †.
Unknown command.
You miss the adder. You closely miss the hobgoblin.
You block the adder's attack. The hobgoblin barely misses you.
The adder barely misses you. 😱 HP[+1]
You barely miss the adder. You hit the hobgoblin.
The hobgoblin barely misses you. The adder bites you but does no damage.
The hobgoblin hits you but does no damage.
Unknown command.
You closely miss the adder. You closely miss the hobgoblin.
The adder barely misses you. x2
The hobgoblin hits you but does no damage.
You miss the adder. You closely miss the hobgoblin.
The adder bites you but does no damage. The hobgoblin hits you.
* * * LOW HITPOINT WARNING * * *
The adder bites you but does no damage. 😱 HP[-4]
You take 4 damage, and now have 4/35 hp.
You miss the adder. You slash the hobgoblin!
You kill the hobgoblin!
You block the adder's attack.
Unknown command.
You closely miss the adder. The adder misses you. The adder closely misses you.
You slash the adder! The adder bites you.
* * * LOW HITPOINT WARNING * * *
You are lethally poisoned!
The adder poisons you! The adder closely misses you. 😱 HP[-2]
You take 2 damage, and now have 2/35 hp.
You miss the adder.
You die...

Skill      XL: |  1  2  3 |
---------------+----------+-----
Axes           | 3 4 |  4.5
Fighting       | |  3.2
Armour         | |  3.2
Shields        | |  4.0

Action                   |  1- 3 |  4- 6 || total
-------------------------+-------+-------++-------
Melee: War axe           |    79 |    19 ||    98
  Use: Scroll            |     6 |     3 ||     9
       Potion            |       |     1 ||     1
Armor: Scale mail        |    35 |    16 ||    51
Dodge: Dodged            |    30 |    20 ||    50
Block: Buckler           |    19 |     8 ||    27

Levels and vault maps discovered:
D:1:      minmay_arrival_hallway, layout_loops_ring
D:2:      layout_rooms, minmay_tree_intersection
D:3:      layout_loops_cross, dreamdust_ecumenical_altar_drowned_temple,
          st_stairs_8, uniq_natasha, uniq_robin, uniq_jessica

Notes
Turn   | Place    | Note
-------+----------+-------------------------------------------
     0 | D:1      | ytrimaz the Formicid Fighter began the quest for the Orb.
     0 | D:1      | Reached XP level 1. HP: 18/18 MP: 1/1
     0 | D:1      | magus.rc [v1.9.6]
    61 | D:1      | Reached XP level 2. HP: 24/24 MP: 2/2
   170 | D:1      | You pick up a book of Scorching and begin reading...
   170 | D:1      | You add the spells Scorch, Flame Wave and Summon Cactus
                  | Giant to your library.
   200 | D:1      | magus.rc [v1.9.6]
   306 | D:1      | Reached skill level 3 in Axes
   470 | D:1      | Reached XP level 3. HP: 29/29 MP: 3/3
   997 | D:2      | You pick up a book of Necromancy and begin reading...
   997 | D:2      | You add the spells Necrotise, Vampiric Draining and Agony
                  | to your library.
  1114 | D:2      | Reached skill level 4 in Axes
  1114 | D:2      | Reached XP level 4. HP: 35/35 MP: 4/4
  1456 | D:3      | Noticed Robin
  1468 | D:3      | Killed Robin
  1468 | D:3      | HP: 7/35 [adder (3)]
  1473 | D:3      | HP: 4/35 [hobgoblin (5)]
  1477 | D:3      | Succumbed to an adder's poison

Vanquished Creatures
  Robin (D:3)
  An adder (D:2)
  2 dart slugs
  An orc (D:3)
  8 endoplasms
  2 giant cockroaches (D:2)
  10 goblins
  4 hobgoblins
  2 quokkas
  5 ball pythons
  4 bats
  4 frilled lizards (D:1)
  3 kobolds
  7 rats
54 creatures vanquished.

Table legend:
 A = Non-vault XP
 B = Vault XP
 C = Vault XP percentage of total XP
 D = Non-vault monster count
 E = Vault monster count
 F = Vault count percentage of total count
                 A         B        C        D         E       F
            +---------+---------+-------+---------+---------+-------
      Total |      83 |      36 |  30.3 |      42 |      12 |  22.2
            +---------+---------+-------+---------+---------+-------
        D:1 |      37 |       0 |   0.0 |      23 |       0 |   0.0
        D:2 |      39 |       0 |   0.0 |      16 |       0 |   0.0
        D:3 |       7 |      36 |  83.7 |       3 |      12 |  80.0
            +---------+---------+-------+---------+---------+-------

Illustrated notes

Table legend:
 A = Kills in this place as a percentage of kills in entire the game.
 B = Kills by you in this place as a percentage of kills by you in the entire game.
 C = Kills by friends in this place as a percentage of kills by friends in the entire game.
 D = Other kills in this place as a percentage of other kills in the entire game.
 E = Experience gained in this place as a percentage of experience gained in the entire game.
 F = Experience gained in this place divided by the number of levels of this place that you have seen.
                   A       B       C       D       E      F
               +-------+-------+-------+-------+-------+----------------------
         Total | 100.0 | 100.0 |   N/A |   N/A | 100.0 |  39.7
       Dungeon | 100.0 | 100.0 |   N/A |   N/A | 100.0 |  39.7
               +-------+-------+-------+-------+-------+----------------------

Table legend: (Time is in decaauts)
 A = Elapsed time spent in this place.
 B = Non-inter-level travel time spent in this place.
 C = Inter-level travel time spent in this place.
 D = Time resting spent in this place.
 E = Time spent auto-exploring this place.
 F = Levels seen in this place.
 G = Mean time per level.
                   A        B        C        D        E       F      G
               +--------+--------+--------+--------+--------+-----+--------+
         Total |   1511 |   1438 |     73 |      0 |   1113 |   3 |  503.7 |
       Dungeon |   1511 |   1438 |     73 |      0 |   1113 |   3 |  503.7 |
               +--------+--------+--------+--------+--------+-----+--------+

Top non-repeatable levels by time:
     D:1: 823 daAuts
     D:2: 661 daAuts
     D:3: 26 daAuts
